 Dungeon Crawl Stone Soup version 0.23.2-1-ga50397a6bc (webtiles) character file.

Game seed: 13998227750730151053

140 Nattfarinn the Conjurer (level 5, -21/40 HPs)
             Began as a Draconian Conjurer on May 30, 2019.
             Demolished by a two-headed ogre
             ... wielding a +0 giant club
              (22 damage)
             ... on level 4 of the Dungeon.
             The game lasted 00:08:31 (3425 turns).

Nattfarinn the Conjurer (Draconian Conjurer)        Turns: 3425, Time: 00:08:32

Health: -21/40     AC:  5    Str: 10    XL:     5   Next: 2%
Magic:  3/8        EV: 12    Int: 17    God:
Gold:   115        SH:  0    Dex: 11    Spells: 5/8 levels left

rFire    + . .     SeeInvis .   d - +0 dagger
rCold    x . .     Gourm    .   (no shield)
rNeg     . . .     Faith    .   (armour unavailable)
rPois    .         Spirit   .   (helmet restricted)
rElec    .         Reflect  .   l - scarf {cloud immunity}
rCorr    .         Harm     .   (no gloves)
MR       .....                  (no boots)
Stlth    ++........             (no amulet)
HPRegen  0.13/turn              c - ring of fire
MPRegen  0.11/turn              (no ring)

@: no status effects
A: unfitting armour, cold-blooded, AC +5
a: no special abilities


You were on level 4 of the Dungeon.
You were not hungry.

You visited 1 branch of the dungeon, and saw 4 of its levels.

You collected 115 gold pieces.

Inventory:

Hand Weapons
 d - a +0 dagger (weapon)
Armour
 l - a scarf of cloud immunity (worn)
Jewellery
 c - a ring of fire (left hand)
Scrolls
 a - 3 scrolls of identify {unknown}
 h - a scroll of immolation {unknown}
 j - a scroll of amnesia {unknown}
 k - 4 scrolls of remove curse {unknown}
 m - a scroll of teleportation {unknown}
 n - a scroll of fog {unknown}
Potions
 e - a potion of curing
 f - 3 potions of agility {unknown}
 g - a potion of brilliance {unknown}
 i - a potion of flight {unknown}
 p - a potion of might {unknown}
 q - a potion of mutation {unknown}
Comestibles
 b - 10 rations


   Skills:
 + Level 1.0 Fighting
 - Level 1.7 Dodging
 - Level 1.7 Stealth
 - Level 2.0 Spellcasting
 * Level 6.2 Conjurations


You had 5 spell levels left.
You knew the following spells:

 Your Spells              Type           Power        Failure   Level  Hunger
a - Magic Dart            Conj           ###.         1%          1    #......
b - Searing Ray           Conj           ###...       2%          2    ###....

Your spell library contained the following spells:

 Spells                   Type           Power        Failure   Level  Hunger
 Iskenderun's Mystic Bla  Conj           ###.....     14%         4    #####..
 Dazzling Spray           Conj/Hex       ##....       16%         3    ###....
 Force Lance              Conj/Tloc      ##......     47%         4    #####..
 Fulminant Prism          Conj/Hex       ##........   47%         4    #####..


Dungeon Overview and Level Annotations

Branches:
Dungeon (4/15)
 Temple: D:4-7

Altars:
The Shining One


Innate Abilities, Weirdness & Mutations

Your plain brown scales are hard. (AC +5)
You cannot fit into any form of body armour.
You are cold-blooded and may be slowed by cold attacks.


Message History

Aiming: Searing Ray (safe; 2% risk of failure)
Press: ? - help, Shift-Dir - straight line, f - two-headed ogre
Aim: a two-headed ogre, wielding two +0 giant clubs The searing ray hits the two-headed ogre.
The two-headed ogre is lightly wounded. (Press . to maintain the ray.)
The searing ray hits the two-headed ogre.
The two-headed ogre is lightly wounded.
The searing ray hits the two-headed ogre!
The two-headed ogre is moderately wounded.
The two-headed ogre misses you.
The two-headed ogre hits you with a +0 giant club!
The searing ray misses the two-headed ogre.
You finish channeling your searing ray.
The two-headed ogre hits you with a +0 giant club!!
Ouch! That really hurt!
* * * LOW HITPOINT WARNING * * *
The two-headed ogre hits you with a +0 giant club!!
Ouch! That really hurt!
You die...

#
###############.##
..........##.....#
#...##.##@##
#........O.#
#.#...##.##.......
#..<###.##......#
#.##.# #.##.#...##
# ... ..##.##..#
...######.. ..#
.#### ### .## #.


You could see a two-headed ogre.

Vanquished Creatures
  Robin (D:2)
  4 adders
  A worm (D:3)
  4 dart slugs
  2 leopard geckos
  5 orcs (D:3)
  A ball python (D:1)
  5 giant cockroaches
  14 goblins
  9 hobgoblins
  7 jackals (D:1)
  A quokka (D:3)
  3 bats
  3 frilled lizards (D:1)
  3 kobolds
  7 rats
70 creatures vanquished.

Notes
Turn   | Place    | Note
-------+----------+-------------------------------------------
     0 | D:1      | Nattfarinn the Draconian Conjurer began the quest for the
                  | Orb.
     0 | D:1      | Reached XP level 1. HP: 14/14 MP: 3/3
   133 | D:1      | Reached XP level 2. HP: 7/20 MP: 3/5
   546 | D:1      | Learned a level 2 spell: Searing Ray
   625 | D:1      | Reached skill level 5 in Conjurations
   626 | D:1      | Reached XP level 3. HP: 24/26 MP: 1/6
  1533 | D:2      | Noticed Robin
  1557 | D:2      | Killed Robin
  1593 | D:2      | Reached XP level 4. HP: 23/33 MP: 2/7
  2086 | D:2      | Found a glowing golden altar of the Shining One.
  2507 | D:3      | Reached skill level 6 in Conjurations
  2916 | D:3      | Found a faded altar of an unknown god.
  3101 | D:3      | Reached skill level 1 in Fighting
  3101 | D:3      | Reached XP level 5. HP: 31/40 MP: 4/8
  3419 | D:4      | Noticed a two-headed ogre
  3425 | D:4      | HP: 1/40 [two-headed ogre/+0 giant club (27)]
  3425 | D:4      | Demolished by a two-headed ogre

Skill      XL: |  1  2  3  4 |
---------------+-------------+-----
Conjurations   | 5 6 |  6.2
Fighting       | 1 |  1.0
Dodging        | |  1.7
Stealth        | |  1.7
Spellcasting   | |  2.0

Action                   |  1- 3 |  4- 6 || total
-------------------------+-------+-------++-------
Melee: Dagger            |   146 |    99 ||   245
       Unarmed           |     6 |       ||     6
       Tailslap          |    15 |    10 ||    25
 Cast: Magic Dart        |    16 |    15 ||    31
       Searing Ray       |     5 |     5 ||    10
  Use: Potion            |     1 |       ||     1
 Stab: Sleeping          |     2 |     2 ||     4
  Eat: Chunk             |     3 |     6 ||     9
Armor: Skin              |    30 |    42 ||    72
Dodge: Dodged            |    97 |    83 ||   180
